 Dungeon Crawl Stone Soup version 0.30-a0-782-ge64f9170bb (webtiles) character file.

Game seed: 5236390262306481583

98348 hackum the Warrior (level 15, -6/129 HPs)
             Began as a Mummy Fighter on Feb 22, 2023.
             Was a High Priest of Okawaru.
             Mangled by a +2 broad axe of venom (19 damage)
             ... on level 1 of the Elven Halls.
             The game lasted 00:48:40 (26959 turns).

hackum the Warrior (Mummy Fighter)                 Turns: 26959, Time: 00:48:41

Health: -6/129     AC: 22    Str: 27    XL:     15   Next: 74%
Magic:  17/19      EV: 26    Int:  8    God:    Okawaru [*****.]
Gold:   3055       SH: 10    Dex: 11    Spells: 14/14 levels left

rFire   x . .      SeeInvis .    a - +3 war axe (elec)
rCold   + . .      Faith    +    c - +0 buckler
rNeg    + + +      Spirit   .    R - quicksilver dragon scales
rPois   ∞          Reflect  +    J - +2 hat
rElec   .          Harm     .    r - +0 cloak
rCorr   .          Rampage  .    G - +0 pair of gloves "Daig" {rN+}
Will    ++...                    (no boots)
Stlth   ++                       B - amulet of reflection
HPRegen 0.41/turn                g - +5 ring of evasion
MPRegen 0.16/turn                C - +5 ring of evasion

@: heroic
A: cold resistance 1, negative energy resistance 3, torment resistance 2, heat
vulnerability 1, in touch with death 2, no potions, faith
a: Renounce Religion, Heroism, Finesse, Duel


You were on level 1 of the Elven Halls.
You worshipped Okawaru.
Okawaru was extremely pleased with you.
You visited 5 branches of the dungeon, and saw 24 of its levels.
You also visited: Sewer and Gauntlet.

You collected 3055 gold pieces.

Inventory:

Hand Weapons
 a - a +3 war axe of electrocution (weapon)
 k - the +2 hand axe of Suqeg {drain, rPois rC+}
   (You found it on level 3 of the Dungeon)

   rC:        It protects you from cold.
   rPois:     It protects you from poison.
 x - a +4 scimitar of flaming
 E - a +0 war axe of freezing
 I - the +8 executioner's axe of Pyofemiapt {venom, *Corrode rElec rC+ Str+3}
   (Okawaru gifted it to you on level 11 of the Dungeon)

   Str:       It affects your strength (+3).
   rC:        It protects you from cold.
   rElec:     It insulates you from electricity.
   *Corrode:  It may corrode you when you take damage.
Missiles
 e - 7 silver javelins (quivered)
 m - 5 throwing nets
 z - 30 poisoned darts
 L - 2 curare-tipped darts
Armour
 c - a +0 buckler (worn)
 o - a +1 plate armour of cold resistance
 r - a +0 cloak (worn)
 y - a +0 pair of gloves
 D - a +2 crystal plate armour
 F - the +1 scale mail of Keukh {Int+2 Dex+3 Slay+6}
   (You found it on level 1 of the Lair of Beasts)

   Int:       It affects your intelligence (+2).
   Dex:       It affects your dexterity (+3).
   Slay:      It affects your accuracy & damage with ranged weapons and melee
   (+6).
 G - the +0 pair of gloves "Daig" (worn) {rN+}
   (Okawaru gifted it to you on level 1 of the Lair of Beasts)

   rN:        It protects you from negative energy.
 J - a +2 hat (worn)
 K - a +0 chain mail of fire resistance
 O - a +2 scale mail of poison resistance
 Q - a +1 pair of boots of flying
 R - quicksilver dragon scales (worn)
Jewellery
 g - a +5 ring of evasion (left hand)
 i - a ring of ice
 n - a ring of see invisible
 s - a ring of resist corrosion
 t - the ring "Caym Siagy" {rPois rC- AC+4 Int+3}
   (You found it on level 6 of the Dungeon)

   [ring of protection]

   AC:        It affects your AC (+4).
   Int:       It affects your intelligence (+3).
   rC:        It makes you vulnerable to cold.
   rPois:     It protects you from poison.
 v - a ring of fire
 B - an amulet of reflection (around neck)
 C - a +5 ring of evasion (right hand)
 H - an amulet of the acrobat
 M - a ring of ice
 N - a ring of flight
 P - the amulet "Juugh" {RegenMP Str+3}
   (You found it in a Gauntlet)

   [amulet of magic regeneration]

   It increases your rate of magic regeneration.
   Str:       It affects your strength (+3).
Wands
 b - a wand of digging (10)
 u - a wand of mindburst (10)
 A - a wand of flame (3)
Scrolls
 d - 2 scrolls of teleportation
 f - 8 scrolls of fog
 h - 3 scrolls of blinking
 l - 13 scrolls of identify
 p - 5 scrolls of fear
 q - 6 scrolls of enchant armour
 w - 2 scrolls of magic mapping
Miscellaneous
 j - a condenser vane


   Skills:
 + Level 15.5(20.5) Fighting
 + Level 13.0(18.0) Axes
 + Level 13.1(18.1) Armour
 + Level 8.8(13.8) Dodging
 - Level 2.4(7.4) Shields
 - Level 5.4 Invocations


You had 14 spell levels left.
You didn't know any spells.
Your spell library contained the following spells:

 Spells                   Type           Power      Damage    Failure   Level
 Cigotuvi's Dreadful Rot  Necr/Pois/Air  0%         N/A       71%         2
 Poisonous Vapours        Pois/Air       0%         N/A       71%         2
 Ignite Poison            Fire/Tmut/Pois 0%         N/A       91%         3
 Kindle Blastsparks       Fire/Tloc/Air  0%         2d10      91%         3
 Mephitic Cloud           Conj/Pois/Air  0%         N/A       91%         3
 Sticky Flame             Conj/Fire      0%         2d3       100%        4
 Freezing Cloud           Conj/Ice/Air   0%         6-21      100%        5
 Ignition                 Fire           0%         3d3       100%        8


Dungeon Overview and Level Annotations

Branches:
Dungeon (15/15)            Temple (1/1) D:6            Lair (5/5) D:11
  Swamp (0/4) Lair:2        Snake (0/4) Lair:3          Orc (2/2) D:11
    Elf (1/3) Orc:2        Vaults (0/5) D:13         Depths (0/4) D:15
  Sewer (visited)         Gauntlet (visited)
  Slime: Lair:4-5

Altars:
Ashenzari
Cheibriados
Dithmenos
Fedhas
Gozag
Hepliaklqana
Kikubaaqudgha
Makhleb
Nemelex Xobeh
Okawaru
Qazlal
Ru
Sif Muna
Trog
Uskayaw
Vehumet
Wu Jian
Xom
Yredelemnul

Shops:
D:4 :   D:8 (   Orc:2 =*[(

Annotations:
D:3 Natasha, Terence
Lair:2 1 runed translucent door, P0068685's ghost, journeyman HOFi
Lair:5 exclusion: 3 oklob plants


Innate Abilities, Weirdness & Mutations

You are immune to poison.
Your flesh is cold resistant. (rC+)
You are immune to negative energy. (rN+++)
You are immune to unholy pain and torment.
You are vulnerable to heat. (rF-)
You are strongly in touch with the powers of death.
You do not drink.
You have a special connection with the divine. (Faith)


Message History

You can't see any enemies this would affect, really read the scroll of fear?
Okay, then.
Unknown command.
Unknown command.
Unknown command.
The +0 scimitar of holy wrath misses you.
Something hits you.
* * * LOW HITPOINT WARNING * * *
Something closely misses you.
The +0 scimitar of holy wrath closely misses you.
You hit the +0 scimitar of holy wrath.
The +0 scimitar of holy wrath is lightly damaged.
You closely miss something. Something hits you.
* * * LOW HITPOINT WARNING * * *
The +0 scimitar of holy wrath misses you.
You hit the +0 scimitar of holy wrath but do no damage.
The +0 scimitar of holy wrath is lightly damaged.
You closely miss something.
You block the +0 scimitar of holy wrath's attack.
Something hits you.
* * * LOW HITPOINT WARNING * * *
As you read the scroll of teleportation, it crumbles to dust.
You feel strangely unstable.
The +0 scimitar of holy wrath hits you but does no damage.
Something hits you!
* * * LOW HITPOINT WARNING * * *
The +0 scimitar of holy wrath misses you.
You hear some strange, mumbled words.
A shard of ice appears from out of thin air!
The shard of ice misses you.
There is a large open door here.
Your surroundings suddenly seem different.
A +2 broad axe of venom and a deep elf archer come into view.
You feel like a meek peon again.
There is a large open door here.
Okay, then.
Okay, then.
You gain the combat prowess of a mighty hero.
The +2 broad axe of venom hits you!!
You die...

..'........'.
#........# #.......#
# #..(...# ##....##
##..## #''#
#.########..####.
#....@(...........
.#
....########........
⌠. # ##..####. ##
..# ..# ## ..# #.
..# #. #. #.


You could see a +2 broad axe of venom.

Vanquished Creatures
  Gastronok (Orc:1)
  An orc warlord (Orc:2)
  A minotaur (Gauntlet)
  Fannar (D:12)
  A fire dragon (D:15)
  2 hydras
  4 vault guards (D:13)
  A merfolk avatar (Lair:5)
  Harold (D:10)
  Erica (D:8)
  8 centaur warriors
  2 catoblepae
  7 boulder beetles
  7 two-headed ogres
  2 deep elf knights
  Nergalle (D:10)
  5 orc high priests
  A wretched star (Gauntlet)
  3 sea snakes (Lair:5)
  A deep elf archer (Elf:1)
  7 orc knights
  8 deep elf pyromancers
  7 deep elf zephyrmancers
  5 manticores
  2 ugly things (D:13)
  9 cyclopes
  5 centaur zombies (D:10)
  2 elephants (Lair:5)
  8 orc sorcerers
  6 torpor snails
  2 black mambas (Lair:1)
  8 cane toads
  8 komodo dragons
  4 gargoyles
  An unseen horror (shapeshifter) (D:14)
  6 rime drakes
  An unseen horror zombie (D:10)
  3 freezing wraiths
  A tengu conjurer (D:13)
  An efreet (D:15)
  3 meliai (D:14)
  2 hornets
  5 polar bears
  A meliai (shapeshifter) (D:14)
  8 trolls
  20 blink frogs
  19 dream sheep
  2 centaur simulacra
  11 slime creatures
  3 shadows
  4 wraiths
  4 wyverns
  3 basilisks
  A steam dragon (Lair:5)
  20 yaks
  A fire elemental (Elf:1)
  10 vampire mosquitoes
  Menkaure (D:6)
  6 wargs
  2 nagas (Lair:3)
  3 acid dragons
  12 water moccasins
  4 ice beasts
  2 black bears
  39 orc warriors
  11 ogres
  A sky beast (D:8)
  9 centaurs
  38 wolves
  A phantom (D:4)
  6 kobold brigands
  7 bullfrogs
  3 gnoll sergeants (D:11)
  An earth elemental (Elf:1)
  A small abomination (Gauntlet)
  2 necrophages
  16 wights
  8 killer bees
  5 electric eels
  4 howler monkeys
  9 hounds
  A human zombie (D:10)
  4 jellies
  32 orc priests
  A gnoll bouda (D:5)
  2 iguanas (D:6)
  27 orc wizards
  4 hell rats (Lair:4)
  A scorpion zombie (D:3)
  Robin (D:2)
  15 gnolls
  13 adders
  A white imp (D:6)
  2 ufetubi
  3 worms
  3 dart slugs
  89 orcs
  17 endoplasms
  7 giant cockroaches
  10 goblins
  12 hobgoblins
  6 quokkas
  3 training dummies (D:8)
  13 ball pythons
  4 bats
  8 frilled lizards
  6 kobolds
  8 rats
746 creatures vanquished.

Vanquished Creatures (others)
  An ogre mage (D:15)
  2 deep elf archers (Elf:1)
  A deep elf pyromancer (Elf:1)
  A slime creature (D:15)
  A vampire mosquito (D:14)
  A bullfrog (Lair:3)
  4 bushes (Lair:5)
  24 fungi
  43 plants
  15 withered plants (D:3)
93 creatures vanquished.

Grand Total: 839 creatures vanquished

Notes
Turn   | Place    | Note
-------+----------+-------------------------------------------
     0 | D:1      | hackum the Mummy Fighter began the quest for the Orb.
     0 | D:1      | Reached XP level 1. HP: 18/18 MP: 1/1
   222 | D:1      | Reached XP level 2. HP: 21/24 MP: 2/2
   341 | D:1      | Found a faded altar of an unknown god.
   994 | D:3      | Identified the +2 hand axe of Suqeg {drain, rPois rC+}
  1037 | D:2      | Gained mutation: You are in touch with the powers of death.
                  | [Mummy growth]
  1037 | D:2      | Reached XP level 3. HP: 29/29 MP: 3/3
  1250 | D:2      | Noticed Robin
  1261 | D:2      | Killed Robin
  1262 | D:2      | Reached XP level 4. HP: 25/37 MP: 4/4
  1793 | D:3      | Reached skill level 4 in Fighting
  1849 | D:3      | Reached XP level 5. HP: 29/42 MP: 5/5
  2026 | D:3      | Noticed Natasha
  2069 | D:3      | Found a radiant altar of Vehumet.
  2074 | D:3      | Noticed Terence
  2079 | D:4      | Found a glowing drain.
  2125 | Sewer    | Entered a sewer
  2290 | Sewer    | Reached XP level 6. HP: 47/49 MP: 6/6
  2359 | Sewer    | Found a viscous altar of Jiyva.
  2494 | D:4      | Found a broken altar of Ashenzari.
  2586 | D:4      | Found Otokhli's Self-Improvement Boutique.
  2609 | D:4      | You fall into a shaft and drop 2 floors!
  2609 | D:6      | Found a staircase to the Ecumenical Temple.
  2618 | Temple   | Entered the Ecumenical Temple
  2666 | D:6      | Reached skill level 5 in Fighting
  2828 | D:6      | Reached XP level 7. HP: 33/56 MP: 7/7
  3086 | D:5      | Entered Level 5 of the Dungeon
  3271 | D:4      | Reached skill level 6 in Fighting
  3271 | D:4      | Reached skill level 5 in Armour
  3370 | D:4      | Reached XP level 8. HP: 64/64 MP: 8/8
  3607 | D:4      | Found a blossoming altar of Fedhas.
  3795 | D:5      | Found an iron altar of Okawaru.
  3814 | D:5      | Became a worshipper of Warmaster Okawaru
  4187 | D:6      | Reached skill level 5 in Axes
  4384 | D:6      | Identified the ring "Caym Siagy" {rPois rC- AC+4 Int+3}
  4406 | D:6      | Noticed Menkaure
  4584 | D:6      | Killed Menkaure
  4584 | D:6      | Reached * piety under Okawaru
  4585 | D:6      | Reached skill level 7 in Fighting
  4646 | D:6      | Found a shadowy altar of Dithmenos.
  5081 | D:6      | Found a snail-covered altar of Cheibriados.
  5287 | D:7      | Found a shimmering altar of Xom.
  5302 | D:7      | Reached XP level 9. HP: 52/72 MP: 9/9
  5522 | D:7      | Found an opulent altar of Gozag.
  5540 | D:7      | Reached ** piety under Okawaru
  5896 | D:7      | Reached skill level 8 in Fighting
  6484 | D:8      | Reached *** piety under Okawaru
  6635 | D:8      | Reached XP level 10. HP: 82/82 MP: 10/10
  6687 | D:8      | Noticed a +0 short sword
  6688 | D:8      | Noticed a +0 falchion
  6689 | D:8      | Noticed a +0 spear
  6689 | D:8      | Noticed a +0 spear
  6689 | D:8      | Noticed a +0 dagger
  6689 | D:8      | Noticed a +0 short sword
  6690 | D:8      | Noticed a +0 dagger
  6690 | D:8      | Noticed a +0 falchion
  6708 | D:8      | Reached skill level 9 in Fighting
  6708 | D:8      | Found a hide-covered altar of Uskayaw.
  6799 | D:8      | Reached **** piety under Okawaru
  6961 | D:8      | Noticed Erica
  6973 | D:8      | Killed Erica
  6982 | D:8      | Found Laupoar's Firing Range.
  7274 | D:9      | Found an ancient bone altar of Kikubaaqudgha.
  7282 | D:9      | Found a hazy altar of Hepliaklqana.
  7382 | D:9      | Identified the +6 morningstar of Interdependent Arising
                  | {speed, rElec rF- Str+6 SInv}
  7632 | D:9      | Identified a scroll of acquirement
  7632 | D:9      | Acquired 921 gold pieces
  7918 | D:10     | Entered Level 10 of the Dungeon
  7918 | D:10     | Found a burning altar of Makhleb.
  8243 | D:10     | Reached skill level 10 in Fighting
  8244 | D:10     | Reached ***** piety under Okawaru
  8526 | D:10     | Reached skill level 1 in Invocations
  8570 | D:10     | Noticed Nergalle
  8581 | D:10     | Killed Nergalle
  8581 | D:10     | Received a gift from Okawaru
  8582 | D:10     | Reached XP level 11. HP: 82/92 MP: 10/12
  8654 | D:10     | Noticed Harold
  8667 | D:10     | Killed Harold
  8750 | D:10     | Found a basalt altar of Yredelemnul.
  9613 | D:11     | Received a gift from Okawaru
  9614 | D:11     | Reached skill level 11 in Fighting
  9677 | D:11     | Found a staircase to the Lair.
  9799 | D:11     | Found a staircase to the Orcish Mines.
 10422 | D:12     | Noticed a two-headed ogre
 10424 | D:12     | Noticed Fannar
 10446 | D:12     | Noticed a deep elf pyromancer
 10496 | Orc:1    | Entered Level 1 of the Orcish Mines
 10496 | Orc:1    | Noticed an orc knight
 10631 | Lair:1   | Entered Level 1 of the Lair of Beasts
 10775 | Lair:1   | Identified the +1 scale mail of Keukh {Int+2 Dex+3 Slay+6}
 10833 | Lair:1   | Reached XP level 12. HP: 71/100 MP: 15/15
 10852 | Lair:1   | Identified the +0 pair of gloves "Daig" {rN+} (Okawaru
                  | gifted it to you on level 1 of the Lair of Beasts)
 10852 | Lair:1   | Received a gift from Okawaru
 10868 | Lair:1   | Reached skill level 5 in Invocations
 11754 | Lair:2   | Found a staircase to the Swamp.
 12168 | Lair:2   | Found a runed translucent door.
 12170 | Lair:2   | Noticed P0068685's ghost (journeyman HOFi)
 12359 | Lair:2   | Reached skill level 10 in Armour
 12783 | Lair:2   | Reached skill level 1 in Dodging
 13030 | Lair:3   | Reached skill level 12 in Fighting
 13069 | Lair:3   | Reached skill level 10 in Axes
 13243 | Lair:3   | Found a staircase to the Snake Pit.
 13393 | Lair:3   | Identified the +0 ring mail of the Manifold Dreams {Harm
                  | rC++ Str+2 Stlth-} (Okawaru gifted it to you on level 3 of
                  | the Lair of Beasts)
 13393 | Lair:3   | Received a gift from Okawaru
 14225 | Lair:4   | Found a snail-covered altar of Cheibriados.
 14235 | Lair:4   | Gained mutation: You are strongly in touch with the powers
                  | of death. [Mummy growth]
 14235 | Lair:4   | Reached XP level 13. HP: 88/109 MP: 17/17
 15155 | Orc:1    | Paralysed by an orc sorcerer for 4 turns
 15165 | D:11     | Identified the +8 executioner's axe of Pyofemiapt {venom,
                  | *Corrode rElec rC+ Str+3} (Okawaru gifted it to you on
                  | level 11 of the Dungeon)
 15165 | D:11     | Received a gift from Okawaru
 15715 | Orc:1    | Reached skill level 13 in Fighting
 15784 | Orc:1    | Noticed Gastronok
 15866 | Orc:1    | Killed Gastronok
 16202 | Orc:1    | Paralysed by an orc sorcerer for 4 turns
 16388 | Orc:2    | Entered Level 2 of the Orcish Mines
 16554 | Orc:2    | Reached skill level 5 in Dodging
 16707 | Orc:2    | Found a staircase to the Elven Halls.
 17888 | Orc:2    | Noticed an orc warlord
 17987 | Orc:2    | Paralysed by an orc sorcerer for 5 turns
 18031 | Orc:2    | Reached XP level 14. HP: 87/118 MP: 18/18
 18131 | Orc:2    | Found Puara's Antique Armour Shoppe.
 18132 | Orc:2    | Found Negoin's Antique Weapon Shoppe.
 18133 | Orc:2    | Found Lobrydda's General Store.
 18133 | Orc:2    | Found Quthrail's Jewellery Emporium.
 18310 | Orc:2    | Killed an orc warlord
 18697 | D:12     | Killed Fannar
 19338 | D:13     | Received a gift from Okawaru
 19356 | D:13     | Found a gate leading to a gauntlet.
 19382 | Gauntlet | Entered a Gauntlet
 19382 | Gauntlet | Found a transporter.
 19385 | Gauntlet | Found a transporter.
 19386 | Gauntlet | Found a runed translucent door.
 19394 | Gauntlet | Found a runed translucent door.
 19400 | Gauntlet | Found a transporter.
 19404 | Gauntlet | Found a transporter.
 19419 | Gauntlet | Found a transporter.
 19434 | Gauntlet | Found a transporter.
 19439 | Gauntlet | Found a transporter.
 19443 | Gauntlet | Found a transporter.
 19605 | Gauntlet | Identified the amulet "Juugh" {RegenMP Str+3}
 19622 | Gauntlet | Reached skill level 14 in Fighting
 19699 | D:13     | Found a gate to the Vaults.
 22236 | D:15     | Entered Level 15 of the Dungeon
 22491 | D:15     | Received a gift from Okawaru
 23358 | D:15     | Reached XP level 15. HP: 86/127 MP: 19/19
 24150 | D:15     | Found a staircase to the Depths.
 24598 | Lair:5   | Entered Level 5 of the Lair of Beasts
 24659 | Lair:5   | Reached skill level 15 in Fighting
 24922 | Lair:5   | Identified the +10 plate armour "Ygiozezo" {Harm rC+ rN+}
                  | (Okawaru gifted it to you on level 5 of the Lair of Beasts)
 24922 | Lair:5   | Received a gift from Okawaru
 25606 | Lair:5   | Identified the +0 spear "Girim" {venom, Drain rPois rF++}
 26093 | Elf:1    | Entered Level 1 of the Elven Halls
 26959 | Elf:1    | Mangled by a +2 broad axe of venom

Illustrated notes

Levels and vault maps discovered:
D:1:      minmay_arrival_jagged, layout_basic, shapermc_ecumenical_altar_petra,
          grunt_decor_cap
D:2:      layout_basic, nicolae_grassy_gnolls, uniq_robin
D:3:      layout_rooms, vehumet_altar_wand_db, minmay_crystal_water,
          dilly_guarded_unrand_morg, uniq_terence
D:4:      layout_rooms, nicolae_ashenzari_skybound, lemuel_round_altar,
          cheibrodos_sewer_entry_drain, eino_tiny_chamber,
          nicolae_shop_self_help
D:5:      layout_cave_pools, lemuel_tele_altar, kennysheep_okawaru_gauntlet
D:6:      layout_basic, overflow_temple_1_default, kennysheep_slug_shrine,
          minmay_temple_entry_ruins, minmay_pentangle, uniq_menkaure
D:7:      layout_loops_ring, overflow_temple_1_default,
          nicolae_gozag_cash_rules_everything_around_me, grunt_ministairs_11,
          hangedman_decor_clover_reticule
D:8:      minmay_angry_zag, layout_basic, nicolae_uskayaw_en_pointe,
          nrook_pool_corridor, nicolae_shop_firing_range, uniq_erica
D:9:      layout_gridville, mainiacjoe_overflow_boulevard,
          mainiacjoe_overflow_catwalk_spiral
D:10:     layout_irregular_city, lemuel_mausoleum_altar_yredelemnul,
          mainiacjoe_overflow_chevrons, minivault_10, dk_noncrumbling_4,
          uniq_harold, uniq_nergalle
D:11:     layout_small_grid, erik_lair_orcish_takeover,
          kennysheep_orc_monster_closet_entryway
D:12:     layout_irregular_city, nicolae_sextant, uniq_fannar
D:13:     layout_cave_pods, lightli_vaults_fourway_checkpoint,
          gauntlet_entry_generic
D:14:     layout_basic, serial_park_square2
D:15:     grunt_enter_depths_hoard, layout_small_grid
Temple:   hellmonk_temple_of_storms
Lair:1:   layout_cave_pods, grunt_forest_large_clearings
Lair:2:   layout_gridlike, minmay_swamp_entry_eels,
          ebering_ghost_reflecting_pool
Lair:3:   layout_cellular_growth, guppyfry_snake_entry_garden, minivault_27,
          grunt_megastairs_4
Lair:4:   wander_river, layout_regular_city, chequers_serial_rivers_micro_c,
          kennysheep_snail_temple, infiniplex_staircase_pool_2
Lair:5:   gammafunk_lair_ancient_temple, layout_long_grid,
          minmay_slime_entry_oklob_open, minmay_hedge_maze
Orc:1:    layout_caves, minmay_orc_temple_c, uniq_gastronok
Orc:2:    st_orc_congregation, layout_caves, nicolae_orc_lost_temple
Elf:1:    elf_arrival_002, layout_gridlike, basic_altar, serial_shops,
          shop_fountains, minmay_elf_demonology, lemuel_flamethrower_hall

Skill      XL: |  1  2  3  4  5  6  7  8  9 10 11 12 13 14 15 |
---------------+----------------------------------------------+-----
Axes           | 2 3 4 5 7 8 9 10 11 12 13 | 13.0
Armour         | 3 4 5 6 7 8 9 10 11 12 13 | 13.1
Fighting       | 4 5 6 7 8 10 11 12 13 14 15 | 15.5
Invocations    | 1 4 5 |  5.4
Dodging        | 3 5 7 8 |  8.8
Shields        | |  2.4

Action                     |  1- 3 |  4- 6 |  7- 9 | 10-12 | 13-15 || total
---------------------------+-------+-------+-------+-------+-------++-------
  Melee: War axe           |    54 |       |   241 |   598 |  1179 ||  2072
         Hand axe          |    50 |   192 |    76 |       |       ||   318
         Scimitar          |       |       |       |       |    32 ||    32
  Throw: Dart              |       |       |       |     2 |       ||     2
 Invoke: Heroism           |       |       |       |    17 |    32 ||    49
         Finesse           |       |       |       |       |     1 ||     1
  Evoke: Wand              |       |       |     1 |    21 |     6 ||    28
    Use: Scroll            |     1 |     6 |     3 |     7 |    10 ||    27
   Stab: Petrified         |       |       |       |       |    15 ||    15
 Armour: Scale mail        |    47 |    47 |    67 |    57 |    58 ||   276
         Plate armour      |       |       |    77 |   203 |       ||   280
         Quicksilver drago |       |       |       |       |   184 ||   184
  Dodge: Dodged            |    74 |   109 |   227 |   402 |   913 ||  1725
  Block: Buckler           |    29 |    28 |    68 |   175 |   510 ||   810
         Reflection        |       |       |       |       |    32 ||    32

Table legend: (Time is in decaauts)
 A = Elapsed time spent in this place.
 B = Non-inter-level travel time spent in this place.
 C = Inter-level travel time spent in this place.
 D = Time resting spent in this place.
 E = Time spent auto-exploring this place.
 F = Levels seen in this place.
 G = Mean time per level.
                   A        B        C        D        E       F      G
               +--------+--------+--------+--------+--------+-----+--------+
         Total |  27127 |  25617 |   1510 |   1967 |  17509 |  26 | 1043.3 |
       Dungeon |  16625 |  15678 |    947 |    993 |  11129 |  15 | 1108.3 |
        Temple |     40 |     34 |      6 |      0 |     28 |   1 |   40.0 |
          Lair |   5968 |   5556 |    412 |     21 |   4378 |   5 | 1193.6 |
  Orcish Mines |   3466 |   3323 |    143 |    790 |   1567 |   2 | 1733.0 |
   Elven Halls |    364 |    364 |      0 |      0 |    244 |   1 |  364.0 |
         Sewer |    404 |    404 |      0 |     50 |    158 |   1 |  404.0 |
      Gauntlet |    257 |    257 |      0 |    113 |      4 |   1 |  257.0 |
               +--------+--------+--------+--------+--------+-----+--------+

Top non-repeatable levels by time:
   Orc:2: 2455 daAuts
    D:13: 1775 daAuts
    D:14: 1731 daAuts
    D:10: 1587 daAuts
    D:11: 1507 daAuts
     D:6: 1471 daAuts
    D:15: 1367 daAuts
  Lair:5: 1338 daAuts
  Lair:1: 1239 daAuts
  Lair:2: 1189 daAuts
  Lair:4: 1121 daAuts
     D:8: 1108 daAuts
  Lair:3: 1079 daAuts
   Orc:1: 1011 daAuts
     D:1: 1011 daAuts
